cohdb
Replays
Latest Replays
All Replays
Popular Replays
Top Player Replays
Match Explorer
How It Works
Community
CoH3 Stats
Reddit
Sign in to upload your games and track your stats! →
Sign in with Steam
Match 40727515
Unlisted
Match 40727515
Overview
Messages
Build Orders
End
Construct Infanterie Kompanie
MG 42 Machine Gun Team
GrW 34 Mortar Team
Grenadier Squad
Construct Panzergrenadier Kompanie
Panzergrenadier Squad
251 Medium Carrier
MG 42 Machine Gun Team
Pak 40 Anti-tank Gun Team
Panzergrenadier Squad
Pak 40 Anti-tank Gun Team
Pioneer Squad
Selects Mechanized Battlegroup
Selects Mechanized Battlegroup
Selects Mechanized Battlegroup
Selects Raid Package
Construct Panzer Kompanie
Selects StuG Assault Group
Selects UNKNOWN (2160084)
Selects Spotting Scopes
Panther Heavy Tank
Selects Wespe Self-propelled Artillery
Panther Heavy Tank
Panther Heavy Tank
Selects Zeroing Artillery Barrage
Zeroing Artillery Barrage
彡★🔻SALADIN🔻★彡
EL-Z3AMA 5:40
Zingo Elzengy
MEZO
R34RD0N
Jimbobloft
General Custard Cream
Kys-tier rat
0
0
Comments
sign in to comment!
No comments posted yet!